AoeStats
← Křovák

QS Arena

503135818Analyzed
1v1 RM · 1mo ago on Aug 30, 2026· 37m 52s· 2 players
Game mode
Random Map
Map size
Tiny (2 player)
Population
200
Speed
Normal
Resources
Standard
Victory
Conquest
Starting age
Dark Age
Ending age
Imperial Age
RankedLock teamsTeams togetherTeam positionsShared explorationLock speedFull tech treeHidden civsTurbo modeCheats
Victory
Defeat
🇪🇸 Vietnamese · Spain
872
+17
🇨🇿 Byzantines · Czechia
885
-17
adose93
8:17 Feudal Age
10:37 Double-Bit Axe
13:29 Castle Age
11:51 Gold Mining
12:03 Stone Mining
12:13 Horse Collar
14:58 Bow Saw
14:59 Heavy Plow
17:21 Loom
20:50 Wheelbarrow
20:58 Stone Shaft Mining
25:13 Imperial Age
23:17 Chatras
23:46 Hand Cart
23:44 Fletching
23:55 Padded Archer Armor
24:01 Town Watch
24:53 Bodkin Arrow
26:44 Paper Money
26:39 Elite Rattan Archer
27:05 Treadmill Crane
28:37 Bracer
28:54 Leather Archer Armor
28:49 Thumb Ring
29:37 Ballistics
29:25 Siege Engineers
30:27 Elite Battle Elephant
32:03 Bloodlines
31:54 Husbandry
32:50 Ring Archer Armor
33:41 Two-Man Saw
33:31 Scale Barding Armor
33:43 Forging
35:04 Chain Barding Armor
36:27 Chemistry
38:32 Plate Barding Armor
Křovák
5:42 Loom
9:16 Feudal Age
13:12 Castle Age
12:56 Horse Collar
14:43 Double-Bit Axe
21:06 Heavy Plow
23:42 Fletching
24:51 Bow Saw
24:41 Bodkin Arrow
29:32 Imperial Age
26:40 Elite Skirmisher
27:42 Gold Mining
29:36 Padded Archer Armor
29:59 Ballistics
31:17 Wheelbarrow
31:00 Leather Archer Armor
31:32 Pikeman
34:19 Chemistry
34:32 Fortified Wall
34:18 Murder Holes
Connection lost

Rejoining the realm…

Still unreachable

The connection could not be restored.

Session expired

The server has moved on; the page needs a fresh start.